 Dungeon Crawl Stone Soup version 0.26-a0-611-g354ed81502 (webtiles) character file.

Game seed: 15611361221227889134

25603 Peloso the Blocker (level 12, -1/74 HPs)
             Began as a Minotaur Fighter on Sept 5, 2020.
             Was a High Priest of Okawaru.
             Slain by a blink frog (10 damage)
             ... on level 1 of the Abyss.
             The game lasted 00:41:19 (16229 turns).

Peloso the Blocker (Minotaur Fighter)              Turns: 16229, Time: 00:41:19

Health: -1/74      AC: 22    Str: 25    XL:     12   Next: 90%
Magic:  10/10      EV:  8    Int:  5    God:    Okawaru [*****.]
Gold:   599        SH: 15    Dex: 17    Spells: 11/11 levels left

rFire    + . .     SeeInvis +   a - +2 long sword (flame)
rCold    . . .     Faith    .   c - +1 kite shield
rNeg     . . .     Spirit   .   k - +0 plate armour
rPois    .         Reflect  .   w - +2 hat
rElec    .         Harm     .   d - +2 cloak {rF+}
rCorr    .         Rnd*Rage +   (no gloves)
MR       .....     Rnd*Tele +   u - +0 pair of boots (curse)
Stlth    ..........             (no amulet)
HPRegen  0.22/turn              J - +6 ring of dexterity
MPRegen  0.12/turn              T - ring of see invisible

@: berserk cooldown, slowed, very slow
A: retaliatory headbutt, horns 2, [berserk 3], [blurry vision 1], [deterioration
1], [frail 3], [low mp 1], [teleportitis 1], [no potion heal 1], [subdued magic
2]
a: Heroism, Finesse, Renounce Religion


You were on level 1 of the Abyss.
You worshipped Okawaru.
Okawaru was extremely pleased with you.
You visited 3 branches of the dungeon, and saw 14 of its levels.
You visited the Abyss 1 time.
You also visited: Ossuary and Volcano.

You collected 1032 gold pieces.
You spent 433 gold pieces at shops.

Inventory:

Hand Weapons
 a - a +2 long sword of flaming (weapon)
 b - a +1 vampiric scimitar
 I - the +3 hand crossbow of the Median {freeze, Int+2 Stlth+}
   (You bought it in a shop on level 8 of the Dungeon)

   It causes projectiles fired from it to freeze those they strike, causing
   extra injury to most foes and up to half again as much damage against
   particularly susceptible opponents.
   They can also slow down cold-blooded creatures.
   It affects your intelligence (+2).
   It makes you more stealthy.
Missiles
 h - 76 bolts (quivered)
Armour
 c - a +1 kite shield (worn)
 d - a +2 cloak of fire resistance (worn)
 k - a +0 plate armour (worn)
 m - a +0 chain mail of fire resistance
 u - a cursed +0 pair of boots (worn)
 w - a +2 hat (worn)
Jewellery
 g - an uncursed ring of protection from cold
 j - a cursed ring of teleportation {unknown}
 J - a +6 ring of dexterity (left hand)
 T - a ring of see invisible (right hand)
Wands
 W - a wand of paralysis (14)
Scrolls
 e - 11 scrolls of teleportation
 f - 10 scrolls of remove curse
 i - a scroll of identify
 q - 2 scrolls of immolation {unknown}
 r - a scroll of noise
 t - a scroll of acquirement {unknown}
 v - 3 scrolls of blinking
 x - 2 scrolls of fear {unknown}
 A - a scroll of amnesia {unknown}
 B - 2 scrolls of magic mapping
 C - a scroll of brand weapon {unknown}
 F - 2 scrolls of fog {unknown}
 H - a scroll of random uselessness {unknown}
 K - 3 scrolls of enchant weapon {unknown}
 N - 3 scrolls of holy word {unknown}
Potions
 n - 4 potions of curing
 o - a potion of invisibility
 p - a potion of experience
 s - 7 potions of stabbing
 D - a potion of flight
 G - 4 potions of might


   Skills:
 + Level 10.0 Fighting
 + Level 14.1 Long Blades
 + Level 12.6 Armour
 + Level 1.6 Dodging
 + Level 1.8 Stealth
 + Level 14.6 Shields
 + Level 1.5 Invocations
 + Level 1.4 Evocations


You had 11 spell levels left.
You didn't know any spells.
Your spell library contained the following spells:

 Spells                   Type           Power        Failure   Level
 Confusing Touch          Hex            #.......     100%        3
 Gell's Gravitas          Tloc           #.........   100%        3
 Petrify                  Tmut/Erth      #.......     100%        4
 Metabolic Englaciation   Hex/Ice        #.........   100%        5
 Yara's Violent Unravell  Hex/Tmut       #.........   100%        5


Dungeon Overview and Level Annotations

Branches:
Dungeon (11/15)            Temple (1/1) D:5            Lair (2/6) D:10
 Shoals (0/4) Lair:2          Orc (0/2) D:10        Ossuary (visited)
Volcano (visited)
  Snake: Lair:2-4    Spider: Lair:2-4

Altars:
Ashenzari
Cheibriados
Dithmenos
Elyvilon
Fedhas
Gozag
Hepliaklqana
Kikubaaqudgha
Makhleb
Nemelex Xobeh
Okawaru
Qazlal
Ru
Sif Muna
Trog
Uskayaw
Vehumet
Wu Jian
Xom
Yredelemnul
Zin
The Shining One

Shops:
D:4 *   D:5 [   D:8 (

Annotations:
D:11 Urug


Innate Abilities, Weirdness & Mutations

You reflexively headbutt those who attack you in melee.
You have a pair of horns on your head.
[You have an uncontrollable temper.]
[Scrolls take you a little longer to read.]
[Your body sometimes deteriorates upon taking damage.]
[You are extremely frail. (-30% HP)]
[Your magical capacity is low. (-10% MP)]
[You are occasionally teleported next to monsters.]
[Potions are less effective at restoring your health.]
[Your spells are easier to cast, but less powerful.]


Message History

A human zombie comes into view.
The blink frog hits you!
* * * LOW HITPOINT WARNING * * *
The blink frog blinks!
You block the blink frog's attack.
The blink frog hits you but does no damage.
The blink frog hits you but does no damage. x2
The blink frog barely misses you.
The blink frog hits you but does no damage. x2
The blink frog blinks!
The blink frog hits you but does no damage.
Unknown command.
You slash the human zombie! You burn the human zombie.
You headbutt the human zombie.
The human zombie is moderately damaged.
The blink frog blinks! x2
The human zombie hits you but does no damage.
Unknown command.
The blink frog blinks!
The blink frog hits you!
You die...

> . ......... #..# #. ..
..#........#..##. ##.
.#...† ....#.... .# #
.##... . ..'...# ..# #..
#.........#...#...# #
....#.. ........#.... ..
............#Z...#...
#..............#FF......
...#.... ....#@$.....#
#..........#.#§#..##..
#. .#.#...#..#.F##...
...##.##.#..§#....#..
...... ##.... #.#F...
####..###.. .# ..# ..##
#.##.. .# # ##. ## . .


You could see 3 blink frogs and a human zombie.

Vanquished Creatures
  Gastronok (Lair:2)
  A stone giant (Volcano)
  A hydra (Lair:2)
  A thrashing horror (Abyss:1)
  4 skeletal warriors
  A wretched star (Abyss:1)
  2 unseen horrors
  An ugly thing (D:11)
  A cyclops (D:8)
  A merfolk siren (Lair:2)
  A molten gargoyle (Volcano)
  A gargoyle (Volcano)
  Maggie (Lair:2)
  A rime drake (Lair:1)
  4 cane toads
  An efreet (Volcano)
  2 komodo dragons (Lair:2)
  A troll (D:10)
  A hornet (D:11)
  6 blink frogs
  9 hippogriffs
  Sigmund (D:2)
  A fire bat (Volcano)
  2 wyverns
  2 basilisks (Lair:1)
  21 yaks
  A steam dragon (D:10)
  Menkaure (D:4)
  3 porcupines (Lair:1)
  9 water moccasins
  2 orc warriors (D:10)
  A sky beast (D:6)
  4 ice beasts
  A black bear (D:7)
  2 phantoms (D:7)
  3 wolves
  8 ogres
  2 centaurs (D:10)
  4 crocodiles
  7 bullfrogs
  4 earth elementals (Volcano)
  6 scorpions
  11 wights
  3 killer bees (D:8)
  8 lava snakes (Volcano)
  2 quasits (D:10)
  A bullfrog zombie (D:5)
  2 hounds
  2 jellies
  2 orc priests
  A bullfrog skeleton (D:9)
  3 iguanas
  Natasha (thrice) (D:2)
  9 orc wizards
  8 worker ants
  A killer bee zombie (D:9)
  A hound skeleton (D:8)
  9 mummies
  A worker ant zombie (D:9)
  Robin (D:3)
  14 adders
  3 shadow imps
  4 white imps
  3 ufetubi
  An ooze (D:3)
  3 worms
  5 dart slugs
  8 leopard geckos
  14 orcs
  2 ball pythons
  7 giant cockroaches
  3 gnoll zombies (Ossuary)
  10 goblins
  17 hobgoblins
  25 jackals
  6 quokkas
  8 bats
  8 frilled lizards
  4 hobgoblin zombies (Ossuary)
  A jackal zombie (D:6)
  7 kobolds
  A kobold zombie (Ossuary)
  A leopard gecko skeleton (D:7)
  A leopard gecko zombie (D:8)
  9 rats
360 creatures vanquished.

Vanquished Creatures (others)
  10 fungi
  10 plants
20 creatures vanquished.

Grand Total: 380 creatures vanquished

Notes
Turn   | Place    | Note
-------+----------+-------------------------------------------
     0 | D:1      | Peloso the Minotaur Fighter began the quest for the Orb.
     0 | D:1      | Reached XP level 1. HP: 19/19 MP: 0/0
   200 | D:1      | Reached XP level 2. HP: 27/27 MP: 1/1
   598 | D:1      | Reached XP level 3. HP: 31/33 MP: 2/2
   662 | D:1      | You fall into a shaft and drop 1 floor!
   860 | D:2      | Noticed Sigmund
   871 | D:2      | Killed Sigmund
   871 | D:2      | Reached skill level 5 in Shields
   871 | D:2      | Reached XP level 4. HP: 22/40 MP: 3/3
   871 | D:2      | Reached XP level 5. HP: 26/46 MP: 4/4
  1043 | D:2      | Noticed Natasha
  1054 | D:2      | Killed Natasha
  1553 | D:2      | Reached XP level 6. HP: 51/52 MP: 5/5
  1599 | D:2      | Noticed Natasha
  1608 | D:2      | Killed Natasha
  1743 | D:2      | Noticed Natasha
  1752 | D:2      | Killed Natasha
  1752 | D:2      | Reached skill level 5 in Long Blades
  1913 | D:3      | Noticed Robin
  1916 | D:3      | Reached skill level 5 in Armour
  1928 | D:3      | Killed Robin
  2141 | D:3      | Reached skill level 1 in Dodging
  2631 | D:4      | Found Hotzeycs's Assorted Antiques.
  2716 | D:4      | Found a sand-covered staircase.
  2722 | D:4      | Reached XP level 7. HP: 41/60 MP: 6/6
  2741 | Ossuary  | Entered an ossuary
  3104 | D:4      | Found a glowing golden altar of the Shining One.
  3195 | D:4      | Noticed Menkaure
  3214 | D:4      | Killed Menkaure
  3385 | D:4      | Bought a pair of glowing boots for 195 gold pieces
  4114 | D:5      | Entered Level 5 of the Dungeon
  4183 | D:5      | Found a staircase to the Ecumenical Temple.
  4227 | Temple   | Entered the Ecumenical Temple
  4596 | D:5      | Reached XP level 8. HP: 58/67 MP: 7/7
  4603 | D:5      | Reached skill level 5 in Fighting
  5379 | D:5      | Found Desiw's Armour Shoppe.
  5470 | D:5      | Found a glowing silver altar of Zin.
  5470 | D:5      | Found a faded altar of an unknown god.
  5477 | D:5      | Found an iron altar of Okawaru.
  5479 | D:5      | Found a basalt altar of Yredelemnul.
  5481 | D:5      | Found an opulent altar of Gozag.
  5485 | D:5      | Became a worshipper of Warmaster Okawaru
  6042 | D:6      | Reached * piety under Okawaru
  6042 | D:6      | Reached XP level 9. HP: 58/74 MP: 8/8
  6206 | D:6      | Reached skill level 1 in Stealth
  6409 | D:6      | Found a hazy altar of Hepliaklqana.
  6410 | D:6      | Found a shadowy altar of Dithmenos.
  7410 | D:8      | Reached ** piety under Okawaru
  7482 | D:8      | Reached skill level 10 in Shields
  7647 | D:8      | Reached skill level 10 in Long Blades
  7849 | D:8      | Found Siaho's Antique Weapon Shoppe.
  7857 | D:8      | Bought a smoking hand crossbow for 238 gold pieces
  7858 | D:8      | Identified the +3 hand crossbow of the Median {freeze,
                  | Int+2 Stlth+} (You bought it in a shop on level 8 of the
                  | Dungeon)
  7973 | D:8      | Got a pitted mace
  7974 | D:8      | Identified the +5 mace of Hipum {freeze, rF- Str+5 Dex+3}
                  | (You found it on level 8 of the Dungeon)
  8027 | D:8      | Noticed a cyclops
  8042 | D:8      | Killed a cyclops
  8042 | D:8      | Reached *** piety under Okawaru
  8042 | D:8      | Reached XP level 10. HP: 83/83 MP: 6/9
  9048 | D:10     | Entered Level 10 of the Dungeon
  9071 | D:10     | Found a staircase to the Orcish Mines.
  9094 | D:10     | Found a staircase to the Lair.
  9334 | D:10     | Reached **** piety under Okawaru
  9614 | D:10     | Killed an unseen horror
  9762 | D:11     | Noticed a skeletal warrior
  9974 | D:10     | Killed a skeletal warrior
  9974 | D:10     | Reached ***** piety under Okawaru
  9974 | D:10     | Reached skill level 10 in Armour
 10192 | Lair:1   | Entered Level 1 of the Lair of Beasts
 10247 | Lair:1   | Reached XP level 11. HP: 69/92 MP: 10/10
 10253 | Lair:1   | Found a dark tunnel.
 10263 | Volcano  | Entered a volcano
 11329 | Volcano  | Found a radiant altar of Vehumet.
 11536 | Volcano  | Noticed a stone giant
 11550 | Volcano  | Killed a stone giant
 11883 | Volcano  | HP: 1/94 [earth elemental (22)]
 11887 | Volcano  | Reached skill level 1 in Invocations
 12633 | Lair:1   | Received a gift from Okawaru
 13856 | Lair:2   | Received a gift from Okawaru
 13865 | Lair:2   | Got a transparent chain mail
 13876 | Lair:2   | Identified the +8 chain mail of Lesit {Str-5 Dex+5} (You
                  | found it on level 2 of the Lair of Beasts)
 13966 | Lair:2   | Reached XP level 12. HP: 103/103 MP: 11/11
 14051 | Lair:2   | Noticed a six-headed hydra
 14064 | Lair:2   | Killed a ten-headed hydra
 14258 | Lair:2   | Noticed Gastronok
 14663 | Lair:2   | Noticed Maggie
 14672 | Lair:2   | Killed Gastronok
 14698 | Lair:2   | Killed Maggie
 14731 | Lair:2   | Received a gift from Okawaru
 15361 | Lair:2   | Found a staircase to the Shoals.
 15890 | D:11     | Reached skill level 1 in Evocations
 16124 | D:11     | Noticed Urug
 16131 | D:11     | Cast into level 1 of the Abyss (Urug)
 16212 | Abyss:1  | Reached skill level 10 in Fighting
 16229 | Abyss:1  | Slain by a blink frog

Illustrated notes

Levels and vault maps discovered:
D:1:      scummos_arrival_hexagon, layout_loops_ring, minmay_split_cup_large
D:2:      layout_loops_ring, uniq_sigmund, uniq_natasha
D:3:      cheibrodos_old_hovel, layout_basic, minmay_misc_feat_rugged,
          uniq_robin
D:4:      layout_loops_ring, nicolae_overflow_crystal_walls, serial_shops,
          kennysheep_mini_moat, gup_ossuary_entry_pyramid, uniq_menkaure
D:5:      layout_loops_cross, chequers_temple_overflow_minitemple,
          minmay_temple_entry_slanted, serial_shops, shop
D:6:      layout_loops_corners, riverfiend_overflow_shadow_ancestor,
          kennysheep_generic_room_14
D:7:      layout_basic, nicolae_sextant
D:8:      layout_basic, serial_shops, nicolae_shop_stone
D:9:      layout_long_grid
D:10:     minmay_the_grid_triangle_9x9_recursive_2_mashed
          [minmay_the_grid_triangle_9x9_prize_schism,
          minmay_the_grid_triangle_9x9_descending_squares,
          minmay_the_grid_triangle_9x9_swiss_cheese,
          minmay_the_grid_triangle_9x9_skeleton], layout_basic,
          lair_entry_dummy, orc_0_dummy
D:11:     layout_gridville, minmay_misc_feat_rows, uniq_urug, uniq_grum
Temple:   regret_index_temple_generic_petals
Lair:1:   layout_gridlike, nicolae_volcano_entry_hallway
Lair:2:   layout_roguey, minmay_shoals_entry_lonely_mermaid, lemuel_fruit_tree,
          uniq_maggie, uniq_gastronok
Abyss:1:  base:
D:5

Skill      XL: |  1  2  3  4  5  6  7  8  9 10 11 12 |
---------------+-------------------------------------+-----
Armour         | 4 5 6 7 8 10 11 12 | 12.6
Long Blades    | 3 4 5 7 8 10 11 13 14 | 14.1
Shields        | 4 5 6 8 10 11 13 14 | 14.6
Fighting       | 4 5 6 7 8 10 | 10.0
Dodging        | 1 |  1.6
Stealth        | 1 |  1.8
Invocations    | 1 |  1.5
Evocations     | 1 |  1.4

Action                   |  1- 3 |  4- 6 |  7- 9 | 10-12 || total
-------------------------+-------+-------+-------+-------++-------
Melee: Long sword        |    66 |   181 |   218 |   661 ||  1126
       Headbutt          |    11 |    32 |   100 |   214 ||   357
       Falchion          |       |       |   279 |       ||   279
       Scimitar          |       |       |       |    18 ||    18
Invok: Heroism           |       |       |     3 |    12 ||    15
       Finesse           |       |       |       |     1 ||     1
Evoke: Wand              |       |       |       |     8 ||     8
  Use: Potion            |     4 |       |       |     6 ||    10
       Scroll            |     1 |     6 |     7 |     5 ||    19
Armor: Scale mail        |    37 |       |       |       ||    37
       Plate armour      |    13 |    90 |   193 |   288 ||   584
       Chain mail        |       |       |       |    61 ||    61
Dodge: Dodged            |    26 |    28 |    75 |   142 ||   271
Block: Kite shield       |    60 |   108 |   291 |   484 ||   943
       Rpst.: Long sword |     7 |     6 |    10 |    21 ||    44
       Falchion          |       |       |    15 |       ||    15

Table legend: (Time is in decaauts)
 A = Elapsed time spent in this place.
 B = Non-inter-level travel time spent in this place.
 C = Inter-level travel time spent in this place.
 D = Time resting spent in this place.
 E = Time spent auto-exploring this place.
 F = Levels seen in this place.
 G = Mean time per level.
                   A        B        C        D        E       F      G
               +--------+--------+--------+--------+--------+-----+--------+
         Total |  16146 |  15773 |    373 |   2349 |   8998 |  17 |  949.8 |
       Dungeon |  10004 |   9744 |    260 |    334 |   6759 |  11 |  909.5 |
        Temple |    282 |    282 |      0 |      0 |    213 |   1 |  282.0 |
          Lair |   3249 |   3137 |    112 |    593 |   1759 |   2 | 1624.5 |
         Abyss |    102 |    102 |      0 |      0 |     24 |   1 |  102.0 |
       Ossuary |    348 |    348 |      0 |      0 |    123 |   1 |  348.0 |
       Volcano |   2158 |   2158 |      0 |   1422 |    120 |   1 | 2158.0 |
               +--------+--------+--------+--------+--------+-----+--------+

Top non-repeatable levels by time:
 Volcano: 2158 daAuts
  Lair:1: 1919 daAuts
  Lair:2: 1330 daAuts
     D:4: 1295 daAuts
     D:5: 1249 daAuts
     D:6: 1119 daAuts
     D:2: 1076 daAuts
    D:10: 987 daAuts
     D:8: 873 daAuts
     D:1: 832 daAuts
     D:9: 745 daAuts
     D:7: 632 daAuts
     D:3: 624 daAuts
    D:11: 569 daAuts
 Ossuary: 348 daAuts
